 Dungeon Sprint DCSS version 0.31-a0-496-g6f97920a28 (webtiles) character file.

Game seed: 9896475196324642852

171 Midn8 the Grappler (level 5, -1/53 HPs)
             Began as a Ghoul Monk on Aug 8, 2023.
             Slain by a scorpion (6 damage)
             ... in the Dungeon (Sprint II: "The Violet Keep of Menkaure").
             The game lasted 00:00:17 (26 turns).

Midn8 the Grappler (Ghoul Monk)                       Turns: 26, Time: 00:00:18

Health: -1/53      AC:  2    Str: 17    XL:     5   Next: 51%
Magic:  4/4        EV: 12    Int:  5    God:
Gold:   0          SH:  0    Dex: 11    Spells: 4/4 levels left

rFire   . .          .
                       - Unarmed
rCold   + . .        c - orb {light}
rNeg    + + +        a - +0 robe
rPois   ∞            (no helmet)
rElec   .            (no cloak)
rCorr   .            (no gloves)
SInv    .            (no boots)
Will    .....        (no amulet)
Stlth   +            (no ring)
HPRegen 0.00/turn    (no ring)
MPRegen 0.09/turn

%: no teleportation
@: inhibited regen, glowing
A: claws 1, cold resistance 1, negative energy resistance 3, inhibited
regeneration, torment resistance 2, devour on kill
a: no special abilities


You were in the Dungeon.
You visited 1 branch

Inventory:

Armour
 a - a +0 robe (worn)
 c - an orb of light (worn)
Scrolls
 h - a scroll of blinking
Potions
 b - a potion of ambrosia
 d - a potion of curing
 f - a potion of haste
 g - 2 potions of magic


   Skills:
 + Level 7.6 Fighting
 - Level 2.6 Dodging
 * Level 10.2 Unarmed Combat


You had 4 spell levels left.
You didn't know any spells.
Your spell library was empty.

Dungeon Overview and Level Annotations

Branches:
Dungeon (1/1)

Altars:


Innate Abilities, Weirdness & Mutations

You are immune to poison.
You have sharp fingernails.
Your flesh is cold resistant. (rC+)
You are immune to negative energy. (rN+++)
You do not regenerate when monsters are visible.
You are immune to unholy pain and torment.
You thrive by killing the living.


Message History

You kill the scorpion!
You feel better.
Your Fighting skill increases to level 6!
Your Unarmed Combat skill gained 2 levels and is now at level 9!
You scratch the scorpion but do no damage.
The scorpion stings you!
You scratch the scorpion.
The scorpion is lightly wounded.
The scorpion closely misses you.
You scratch the scorpion.
The scorpion is moderately wounded.
The scorpion stings you.
* * * LOW HITPOINT WARNING * * *
You scratch the scorpion but do no damage.
The scorpion is moderately wounded.
The scorpion closely misses you.
You claw the scorpion!
The scorpion is almost dead.
The scorpion misses you.
You scratch the scorpion.
You kill the scorpion!
You feel better.
Your Fighting skill increases to level 7!
Your Unarmed Combat skill increases to level 10!
You have reached level 5!
You feel stronger.
You barely miss the scorpion. The scorpion stings you.
* * * LOW HITPOINT WARNING * * *
You scratch the scorpion.
The scorpion is lightly wounded.
The scorpion stings you.
* * * LOW HITPOINT WARNING * * *
You claw the scorpion!
The scorpion is almost dead.
The scorpion stings you.
* * * LOW HITPOINT WARNING * * *
You scratch the scorpion but do no damage.
The scorpion is almost dead.
The scorpion stings you.
You die...

# #. #+#
#..##.##
#s@<.+
#..##.##
#. #+# #


You could see a scorpion.

Vanquished Creatures
  3 scorpions (D)
3 creatures vanquished.

Notes
Turn   | Place    | Note
-------+----------+-------------------------------------------
     0 | D        | Midn8 the Ghoul Monk began the quest for the Orb.
     0 | D        | Reached XP level 1. HP: 19/19 MP: 0/0
     1 | D        | Noticed a scorpion
     1 | D        | Noticed a scorpion
     1 | D        | Noticed a scorpion
     1 | D        | Noticed a scorpion
    11 | D        | Killed a scorpion
    12 | D        | Reached skill level 5 in Fighting
    12 | D        | Reached skill level 7 in Unarmed Combat
    12 | D        | Reached XP level 2. HP: 1/30 MP: 1/1
    12 | D        | Reached XP level 3. HP: 2/37 MP: 2/2
    12 | D        | Reached XP level 4. HP: 2/44 MP: 3/3
    16 | D        | Killed a scorpion
    17 | D        | Reached skill level 9 in Unarmed Combat
    22 | D        | Killed a scorpion
    23 | D        | Reached skill level 10 in Unarmed Combat
    23 | D        | Reached XP level 5. HP: 14/53 MP: 4/4
    26 | D        | Slain by a scorpion

Illustrated notes

Levels and vault maps discovered:
D:        the_violet_keep_of_menkaure [sprint2_stairs_cluster_1,
          sprint2_shoproom, sprint2_temple, sprint2_basic_supplies,
          sprint2_obstacle_1, sprint2_obstacle_4, sprint2_obstacle_2,
          sprint2_obstacle_7, sprint2_obstacle_3, sprint2_timed_cluster_1,
          sprint2_smallroom_cluster_1, sprint2_smallroom_final_cluster_1,
          sprint2_transparent_cluster_1, sprint2_second_timed_cluster_1,
          sprint2_sniper_area_1, sprint2_heavy_combat_area_1,
          sprint2_mutation_trap_area_1, sprint2_forest_area_1,
          sprint2_light_combat_area_1, sprint2_behind_water_1,
          sprint2_near_end_vault_1]

Skill      XL: |  1  2  3  4 |
---------------+-------------+-----
Fighting       | 5 7 |  7.6
Unarmed Combat | 7 10 | 10.2
Dodging        | |  2.6

Action                     |  1- 3 |  4- 6 || total
---------------------------+-------+-------++-------
  Melee: Unarmed           |     9 |    14 ||    23
    Use: Potion            |       |     1 ||     1
 Armour: Robe              |     1 |     1 ||     2
  Dodge: Dodged            |     3 |     5 ||     8

Table legend: (Time is in decaauts)
 A = Elapsed time spent in this place.
 B = Non-inter-level travel time spent in this place.
 C = Inter-level travel time spent in this place.
 D = Time resting spent in this place.
 E = Time spent auto-exploring this place.
 F = Levels seen in this place.
 G = Mean time per level.
                   A        B        C        D        E       F      G
               +--------+--------+--------+--------+--------+-----+--------+
         Total |     23 |     23 |      0 |      0 |      0 |   1 |   23.0 |
       Dungeon |     23 |     23 |      0 |      0 |      0 |   1 |   23.0 |
               +--------+--------+--------+--------+--------+-----+--------+

Top non-repeatable levels by time:
       D: 23 daAuts
